cohdb
Replays
Latest Replays
All Replays
Popular Replays
Top Player Replays
Match Explorer
How It Works
Community
CoH3 Stats
Reddit
Sign in to upload your games and track your stats! →
Sign in with Steam
Match 45198912
Unlisted
Match 45198912
Overview
Messages
Build Orders
End
Scout Squad
Construct Barracks
Riflemen Squad
Riflemen Squad
Riflemen Squad
Infantry Support Center
Grenade Package
Engineer Squad
Riflemen Squad
M1918 Browning Automatic Rifles
Construct Motor Pool
M24 Chaffee Light Tank
Riflemen Squad
Riflemen Squad
Advanced Logistics
M24 Chaffee Light Tank
Engineer Squad
FooKilla
USA USA USA
Seocheon
콯종원
0
0
Comments
sign in to comment!
No comments posted yet!